 Dungeon Sprint DCSS version 0.20-a0-555-gf6ae02d (webtiles) character file.

338132 Gingerlord the Formicid Barricade (level 21, -24/204 HPs)
             Began as a Formicid Fighter on Feb 4, 2017.
             Was the Champion of Okawaru.
             Killed from afar by an ancient lich (56 damage)
             ... with an iron shot
             ... in the Dungeon (Sprint IX: "|||||||||||||||||||||||||||||").
             The game lasted 00:33:22 (9665 turns).

Gingerlord the Formicid Barricade (FoFi)            Turns: 9665, Time: 00:33:23

Health: -24/204    AC: 28    Str: 34    XL:     21   Next: 36%
Magic:  38/38      EV: 31    Int:  9    God:    Okawaru [******]
Gold:   1168       SH: 39    Dex: 25    Spells: 20/20 levels left

rFire    + + .     SeeInvis +   L - +3 double sword of Wisdom {holy, rC++ Dex+6 SInv}
rCold    + + +     Gourm    .   y - +1 plate armour {rC+}
rNeg     + + .     Faith    +   s - +18 shield of the Gong {rElec rN+ MR+ EV-5}
rPois    +         Spirit   .   (helmet unavailable)
rElec    +         Reflect  .   p - +1 cloak of Malil {rN+ Str+7}
rCorr    +         Harm     .   u - +1 pair of gloves {Dex+3}
MR       +++++                  r - +2 pair of boots
Stlth    +++.......             C - amulet "Rirycvuh" {Faith Slay+5}
Regen    0.5/turn               k - ring "Eggeryqi" {rF+ EV+3}
                                K - ring of Ru's Envy {*Slow +Fly rElec rPois MR++}

@: mighty, resistant
A: permanent stasis, dig shafts and tunnels, four strong arms, antennae 3,
hooves 1, blurry vision 1, deformed body, mutation resistance 1, weak 1,
MP-powered wands
}: 5/15 runes: decaying, serpentine, barnacled, silver, gossamer
a: Dig, Heroism, Finesse, Renounce Religion, Evoke Flight


You were in the Dungeon.
You worshipped Okawaru.
Okawaru was exalted by your worship.
You were not hungry.

You visited 1 branch You collected 1526 gold pieces.
You spent 358 gold pieces at shops.

Inventory:

Hand Weapons
 e - the +10 scimitar "Pesixac" {flame, Dex+6}
   (Okawaru gifted it to you in the Dungeon)

   It has been specially enchanted to burn those struck by it, causing extra
   injury to most foes and up to half again as much damage against particularly
   susceptible opponents.
   Big, fiery blades are also staple armaments of hydra-hunters.
   It affects your dexterity (+6).
 G - the +4 demon blade of Psychosis {drain, rElec}
   (Okawaru gifted it to you in the Dungeon)

   A truly terrible weapon, it drains the life of those it strikes.
   It insulates you from electricity.
 L - the +3 double sword of Wisdom (weapon) {holy, rC++ Dex+6 SInv}
   (Okawaru gifted it to you in the Dungeon)

   It has been blessed by the Shining One to cause great damage to the undead
   and demons.
   It affects your dexterity (+6).
   It greatly protects you from cold.
   It lets you see invisible.
Armour
 p - the +1 cloak of Malil (worn) {rN+ Str+7}
   (Okawaru gifted it to you in the Dungeon)

   It affects your strength (+7).
   It protects you from negative energy.
 r - a +2 pair of boots (worn)
 s - the +18 shield of the Gong (worn) {rElec rN+ MR+ EV-5}
   (You found it in the Dungeon)

   It affects your evasion (-5).
   It insulates you from electricity.
   It protects you from negative energy.
   It affects your resistance to hostile enchantments.
 u - a +1 pair of gloves of dexterity (worn)
 y - a +1 plate armour of cold resistance (worn)
Jewellery
 k - the ring "Eggeryqi" (right hand) {rF+ EV+3}
   (You found it in the Dungeon)

   [ring of evasion]

   It affects your evasion (+3).
   It protects you from fire.
 x - an uncursed ring of protection from fire
 C - the amulet "Rirycvuh" (around neck) {Faith Slay+5}
   (You found it in the Dungeon)

   [amulet of faith]

   It allows you to gain divine favour quickly.
   It affects your accuracy and damage with ranged weapons and melee attacks
   (+5).
 K - the ring of Ru's Envy (left hand) {*Slow +Fly rElec rPois MR++}
   (You found it in the Dungeon)

   [ring of poison resistance]

   It insulates you from electricity.
   It protects you from poison.
   It affects your resistance to hostile enchantments.
   It lets you fly.
   It may slow you when you take damage.
Wands
 o - a wand of lightning (6/15)
Scrolls
 a - a scroll of identify
 b - 5 scrolls of fog
 m - 6 scrolls of remove curse
 n - 2 scrolls of amnesia
 v - 7 scrolls of enchant armour
 w - 7 scrolls of enchant weapon
 H - a scroll of immolation
 I - a scroll of recharging
Potions
 d - 2 potions of might
 i - 5 potions of magic
 l - a potion of invisibility
 t - a potion of brilliance
 A - a potion of cancellation
 B - 2 potions of curing
 D - 2 potions of cure mutation
 E - 3 potions of agility
Comestibles
 f - 8 bread rations
 h - 40 fruits
 j - 11 meat rations


   Skills:
 O Level 27 Fighting
 O Level 27 Long Blades
 + Level 15.3 Throwing
 O Level 27 Armour
 O Level 27 Dodging
 + Level 19.1 Stealth
 O Level 27 Shields
 - Level 9.6 Invocations
 O Level 27 Evocations


You had 20 spell levels left.
You didn't know any spells.

Dungeon Overview and Level Annotations

Branches:
Dungeon (1/1)

Altars:
Cheibriados
Dithmenos
Elyvilon
Fedhas
Gozag
Hepliaklqana
Kikubaaqudgha
Makhleb
Nemelex Xobeh
Okawaru
Qazlal
Ru
Sif Muna
Trog
Uskayaw
Vehumet
Xom
Yredelemnul
Zin
The Shining One
Beogh
Jiyva
Lugonu

Shops:
D }:?[


Innate Abilities, Weirdness & Mutations

You cannot be hasted, slowed, berserked, paralysed or teleported.
You can dig through walls and to a lower floor.
Your four strong arms can wield two-handed weapons with a shield.
You have a pair of large antennae on your head. (SInv)
You have large cloven feet.
Scrolls take you a little longer to read.
Armour fits poorly on your strangely shaped body.
You are somewhat resistant to further mutation.
You are weak. (Str -2)
You expend magic power (3 MP) to strengthen your wands.


Message History

Okay, then.
The +3 double sword of Wisdom {holy, rC++ Dex+6 SInv} softly glows with a divine radiance!
L - the +3 double sword of Wisdom (weapon)
{holy, rC++ Dex+6 SInv} The Tzitzimitl gestures at you.
The bolt of cold hits you! You resist.
* * * LOW HITPOINT WARNING * * *
Unknown command.
You feel better. You block the Tzitzimitl's attack.
PTOANNNG!
You block the Tzitzimitl's attack.
PTOANNNG!
You carve the Tzitzimitl like a ham!!!
You kill the Tzitzimitl!
You slice the ancient lich!!
The ancient lich convulses!!
The ancient lich is moderately damaged.
The ancient lich mumbles some strange words.
You feel better. The ancient lich casts a spell at you. The iron shot hits you!
You die...

"===....)))))))...[[[[[[[....!...
▓▓▓▓▓▓▓▓▓▓▓▓▓▓▓▓▓▓▓▓▓▓▓▓▓▓▓▓▓▓▓▓▓
.................................
▓▓▓▓▓▓▓▓▓▓▓▓▓▓▓▓▓▓▓▓▓▓▓▓▓▓▓▓▓▓▓▓▓
.')...[))[..)†))).....!.))))...†)
▓▓▓▓▓▓▓▓▓▓▓▓▓▓▓▓▓▓▓▓▓▓▓▓▓▓▓▓▓▓▓▓▓
.................................
▓▓▓▓▓▓▓▓▓▓▓▓▓▓▓▓▓▓▓▓▓▓▓▓▓▓▓▓▓▓▓▓▓
........'[()...2@L*X§§§{{{X2.2. {
▓▓▓▓▓▓▓▓▓▓▓▓▓▓▓▓▓▓▓▓▓▓▓▓▓▓▓▓▓▓▓
{{{


{{{{{{{{{{{ {{{{{{{{{{{{{{ {{ You could see an orb of fire, an ancient lich, a
cacodemon and an Orb Guardian.

Vanquished Creatures
  3 orbs of fire (D)
  Mennas (D)
  5 ancient liches (D)
  Sojobo (D)
  Boris (D)
  A greater mummy (D)
  Xtahua (D)
  Saint Roka (D)
  A golden dragon (D)
  Nikola (D)
  A bone dragon (D)
  An electric golem (D)
  2 tentacled monstrosities (D)
  2 liches (D)
  A titan (D)
  A quicksilver dragon (D)
  15 Orb Guardians (D)
  An acid blob (shapeshifter) (D)
  Frances (D)
  3 sphinxes (D)
  3 death cobs (D)
  Kirke (D)
  7 storm dragons (D)
  7 shadow dragons (D)
  Agnes (D)
  A thorn hunter (D)
  3 tengu reavers (D)
  Donald (D)
  Ilsuiw (D)
  3 nagarajas (D)
  A fire giant (D)
  2 frost giants (D)
  4 ghost moths (D)
  2 draconian scorchers (D)
  3 draconian knights (D)
  2 vault wardens (D)
  Louise (D)
  Aizul (D)
  A draconian shifter (D)
  6 emperor scorpions (D)
  A very ugly thing (D)
  2 draconian stormcallers (D)
  3 ironheart preservers (D)
  6 stone giants (D)
  3 purple draconians (D)
  2 black draconians (D)
  3 red draconians (D)
  A yellow draconian (D)
  2 white draconians (D)
  A merfolk javelineer (D)
  3 ettins (D)
  5 fire dragons (D)
  2 merfolk impalers (D)
  A great orb of eyes (D)
  A yaktaur captain (D)
  5 naga warriors (D)
  2 ice dragons (D)
  25 vault guards (D)
  10 hydras (D)
  3 merfolk avatars (D)
  An anaconda (D)
  4 merfolk aquamancers (D)
  2 deep troll shamans (D)
  4 ogre magi (D)
  4 tengu warriors (D)
  A vampire mage (D)
  An alligator snapping turtle (D)
  Urug (D)
  A naga sharpshooter (D)
  8 orc high priests (D)
  A shock serpent (D)
  2 spriggan berserkers (D)
  2 deep elf knights (D)
  A hell knight (D)
  2 shadow wraiths (D)
  A sea snake (D)
  A deep troll (D)
  An unseen horror (D)
  A glowing orange brain (D)
  An ironbrand convoker (D)
  6 swamp dragons (D)
  A spriggan druid (D)
  A flayed ghost (D)
  6 orc knights (D)
  A wizard (D)
  2 necromancers (D)
  An orb spider (D)
  A mana viper (D)
  2 manticores (D)
  2 deep elf magi (D)
  A cyclops (D)
  2 wolf spiders (D)
  An orc sorcerer (D)
  A cyclops (shapeshifter) (D)
  A black mamba (D)
  10 moths of wrath (D)
  A gargoyle (D)
  2 guardian serpents (D)
  6 naga magi (D)
  A spiny frog (D)
  5 vault sentinels (D)
  A water nymph (D)
  2 yaktaurs (shapeshifter) (D)
  A yaktaur (D)
  5 demonic crawlers (D)
  A troll (D)
  A polar bear (D)
  4 merfolk (D)
  2 jumping spiders (D)
  4 hornets (D)
  A snapping turtle (D)
  2 blink frogs (D)
  A bog body (D)
  2 slime creatures (D)
  5 hippogriffs (D)
  2 redbacks (D)
  A spriggan (D)
  A tarantella (D)
  A human (shapeshifter) (D)
  A basilisk (D)
  A warg (D)
  A naga (D)
  3 hell hounds (D)
  A porcupine (D)
  A water moccasin (D)
  10 orc warriors (D)
  A sky beast (shapeshifter) (D)
  3 swamp drakes (D)
  A boggart (D)
  4 wolves (D)
  2 ogres (D)
  2 centaurs (D)
  6 crocodiles (D)
  2 bullfrogs (D)
  A killer bee (D)
  A howler monkey (D)
  A wight (D)
  A crimson imp (D)
  A hound (D)
  8 orc priests (D)
  8 orc wizards (D)
  A worker ant (D)
  An adder skeleton (D)
  A leopard gecko (D)
  9 orcs (D)
  A ball python (D)
  A bat skeleton (D)
  A goblin (D)
  A hobgoblin (D)
  2 kobolds (D)
  A rat (D)
386 creatures vanquished.

Vanquished Creatures (others)
  A slime creature (D)
  A shadow (D)
  3 humans (D)
  2 briar patches (D)
7 creatures vanquished.

Grand Total: 393 creatures vanquished

Notes
Turn   | Place    | Note
-------+----------+-------------------------------------------
     0 | D        | Gingerlord the Formicid Fighter began the quest for the Orb.
     0 | D        | Reached XP level 1. HP: 18/18 MP: 1/1
    23 | D        | Reached skill level 1 in Dodging
   116 | D        | Noticed a worker ant
   116 | D        | Noticed a howler monkey
   118 | D        | Reached XP level 2. HP: 25/25 MP: 2/2
   123 | D        | Reached XP level 3. HP: 29/31 MP: 3/3
   131 | D        | Reached skill level 5 in Fighting
   131 | D        | Reached skill level 5 in Armour
   131 | D        | Reached skill level 5 in Shields
   131 | D        | Reached XP level 4. HP: 23/39 MP: 4/4
   141 | D        | Found a roughly hewn altar of Beogh.
   141 | D        | Found a snail-covered altar of Cheibriados.
   141 | D        | Found a shadowy altar of Dithmenos.
   141 | D        | Found a white marble altar of Elyvilon.
   141 | D        | Found a blossoming altar of Fedhas.
   141 | D        | Found an opulent altar of Gozag.
   142 | D        | Found a hazy altar of Hepliaklqana.
   282 | D        | Found a viscous altar of Jiyva.
   283 | D        | Found an ancient bone altar of Kikubaaqudgha.
   284 | D        | Found a corrupted altar of Lugonu.
   285 | D        | Found a burning altar of Makhleb.
   286 | D        | Found a sparkling altar of Nemelex Xobeh.
   287 | D        | Found an iron altar of Okawaru.
   288 | D        | Found a stormy altar of Qazlal.
   289 | D        | Found a sacrificial altar of Ru.
   290 | D        | Found a deep blue altar of Sif Muna.
   291 | D        | Found a bloodstained altar of Trog.
   292 | D        | Found a hide-covered altar of Uskayaw.
   293 | D        | Found a radiant altar of Vehumet.
   294 | D        | Found a shimmering altar of Xom.
   295 | D        | Became a worshipper of Warmaster Okawaru
   296 | D        | Found a basalt altar of Yredelemnul.
   297 | D        | Found a glowing silver altar of Zin.
   298 | D        | Found a glowing golden altar of the Shining One.
   355 | D        | Noticed a bullfrog
   355 | D        | Noticed a troll
   355 | D        | Noticed a centaur
   358 | D        | Killed a bullfrog
   358 | D        | Reached XP level 5. HP: 45/46 MP: 5/5
   374 | D        | Killed a troll
   374 | D        | Reached * piety under Okawaru
   374 | D        | Reached skill level 5 in Dodging
   374 | D        | Reached XP level 6. HP: 19/55 MP: 6/6
   388 | D        | Reached XP level 7. HP: 22/60 MP: 7/7
   614 | D        | Noticed a deep elf mage
   621 | D        | Killed a deep elf mage
   621 | D        | Reached ** piety under Okawaru
   621 | D        | Reached XP level 8. HP: 67/70 MP: 7/10
   763 | D        | Noticed a basilisk
   764 | D        | Reached skill level 10 in Shields
   765 | D        | Noticed a seven-headed hydra
   770 | D        | Reached *** piety under Okawaru
   771 | D        | Noticed a blink frog
   775 | D        | Killed a basilisk
   775 | D        | Reached skill level 5 in Invocations
   776 | D        | Reached XP level 9. HP: 70/78 MP: 10/13
   780 | D        | Killed a four-headed hydra
   780 | D        | Reached **** piety under Okawaru
   780 | D        | Reached skill level 10 in Fighting
   780 | D        | Reached skill level 10 in Armour
   791 | D        | Killed a blink frog
   862 | D        | Noticed a hippogriff
   862 | D        | Noticed a hippogriff
   862 | D        | Noticed an eight-headed hydra
   864 | D        | Noticed a polar bear
   866 | D        | Noticed a hippogriff
   868 | D        | Killed a hippogriff
   874 | D        | Noticed a six-headed hydra
   876 | D        | Reached XP level 10. HP: 85/86 MP: 13/15
   888 | D        | Killed a three-headed hydra
   888 | D        | Reached ***** piety under Okawaru
   888 | D        | Reached skill level 10 in Long Blades
   895 | D        | Received a gift from Okawaru
   906 | D        | HP: 4/88 [four-headed hydra (12)]
   912 | D        | Killed a one-headed hydra
  1245 | D        | Reached XP level 11. HP: 83/95 MP: 12/18
  1323 | D        | Noticed Urug
  1344 | D        | Killed Urug
  1344 | D        | Reached skill level 10 in Dodging
  1983 | D        | Noticed an orc knight
  1983 | D        | Noticed an orc knight
  1986 | D        | Noticed an orc sorcerer
  1987 | D        | Killed an orc knight
  2013 | D        | Killed an orc knight
  2017 | D        | Killed an orc sorcerer
  2072 | D        | Found Abbuf's Gadget Emporium.
  2072 | D        | Noticed an orc high priest
  2072 | D        | Noticed an orc high priest
  2072 | D        | Noticed an orc high priest
  2072 | D        | Noticed an orc high priest
  2076 | D        | Noticed an orc high priest
  2081 | D        | Killed an orc high priest
  2081 | D        | Received a gift from Okawaru
  2082 | D        | Found Kybos's Book Shoppe.
  2090 | D        | Killed an orc high priest
  2093 | D        | Killed an orc high priest
  2098 | D        | Found Jufaj's Magic Scroll Emporium.
  2102 | D        | Killed an orc high priest
  2104 | D        | Noticed a sun demon
  2108 | D        | Killed an orc high priest
  2108 | D        | Reached XP level 12. HP: 64/106 MP: 14/19
  2109 | D        | Found Elofya's Antique Armour Shoppe.
  2110 | D        | Noticed an orc high priest
  2116 | D        | Noticed an orc high priest
  2117 | D        | Noticed an orc high priest
  2119 | D        | Killed an orc high priest
  2137 | D        | Killed an orc high priest
  2137 | D        | Reached skill level 15 in Shields
  2153 | D        | Killed an orc high priest
  2199 | D        | Bought a scroll of fog for 20 gold pieces
  2199 | D        | Bought a scroll of fog for 20 gold pieces
  2199 | D        | Bought a scroll of enchant armour for 75 gold pieces
  2199 | D        | Bought a scroll of enchant weapon for 75 gold pieces
  2486 | D        | Bought a pair of runed gloves for 168 gold pieces
  2733 | D        | Noticed a six-headed hydra
  2733 | D        | Noticed a tengu warrior
  2737 | D        | Killed a three-headed hydra
  2740 | D        | Noticed a lich
  2747 | D        | Noticed an ettin
  2753 | D        | Noticed a cyan very ugly thing
  2761 | D        | Killed a lich
  2763 | D        | Noticed a tengu warrior
  2763 | D        | Killed a tengu warrior
  2763 | D        | Received a gift from Okawaru
  2764 | D        | Noticed a tengu warrior
  2782 | D        | Killed a cyan very ugly thing
  2782 | D        | Reached skill level 15 in Fighting
  2782 | D        | Reached skill level 15 in Armour
  2790 | D        | Killed an ettin
  2790 | D        | Reached XP level 13. HP: 116/116 MP: 16/20
  3171 | D        | Noticed Frances
  3197 | D        | Killed Frances
  3512 | D        | Noticed an alligator snapping turtle
  3513 | D        | Noticed a merfolk avatar
  3527 | D        | Killed an alligator snapping turtle
  3551 | D        | Received a gift from Okawaru
  3577 | D        | Killed a merfolk avatar
  3598 | D        | Reached skill level 15 in Long Blades
  3629 | D        | Noticed an anaconda
  3629 | D        | Noticed a naga warrior
  3629 | D        | Noticed a naga warrior
  3633 | D        | Killed an anaconda
  3655 | D        | Killed a naga warrior
  3669 | D        | Killed a naga warrior
  3851 | D        | Reached XP level 14. HP: 115/126 MP: 15/21
  3901 | D        | Noticed a thorn hunter
  3904 | D        | Received a gift from Okawaru
  3940 | D        | Killed a thorn hunter
  4365 | D        | Noticed Saint Roka
  4390 | D        | Noticed Aizul
  4412 | D        | Killed Saint Roka
  4442 | D        | Killed Aizul
  4442 | D        | Reached skill level 15 in Dodging
  4449 | D        | Noticed Kirke
  4466 | D        | Killed Kirke
  4480 | D        | Noticed Donald
  4807 | D        | Killed Donald
  4876 | D        | Noticed a fire giant
  4876 | D        | Noticed a stone giant
  4893 | D        | Killed a fire giant
  4900 | D        | Noticed a frost giant
  4903 | D        | Received a gift from Okawaru
  4922 | D        | Killed a stone giant
  4939 | D        | Killed a frost giant
  4939 | D        | Reached ****** piety under Okawaru
  4940 | D        | Noticed a sphinx
  4975 | D        | Reached XP level 15. HP: 108/137 MP: 20/22
  4993 | D        | Killed a sphinx
  4993 | D        | Received a gift from Okawaru
  5368 | D        | Noticed an ironheart preserver
  5379 | D        | Noticed an ironheart preserver
  5407 | D        | Killed an ironheart preserver
  5440 | D        | Killed an ironheart preserver
  5446 | D        | Noticed a red draconian scorcher
  5446 | D        | Noticed a sphinx
  5446 | D        | Noticed a greater mummy
  5450 | D        | HP: 2/141 [sphinx/divine providence (13)]
  5488 | D        | Killed a greater mummy
  5488 | D        | Received a gift from Okawaru
  5488 | D        | Noticed a reaper
  5507 | D        | Killed a sphinx
  5521 | D        | Killed a red draconian scorcher
  5531 | D        | Got a translucent scimitar {god gift}
  5532 | D        | Identified the +10 scimitar "Pesixac" {flame, Dex+6} (Okawaru gifted it to you in the Dungeon)
  5911 | D        | Noticed Mennas
  5925 | D        | Killed Mennas
  5925 | D        | Received a gift from Okawaru
  5925 | D        | Reached XP level 16. HP: 150/150 MP: 16/23
  5928 | D        | Got a spiked cloak {god gift}
  5939 | D        | Identified the +1 cloak of Malil {rN+ Str+7} (Okawaru gifted it to you in the Dungeon)
  6009 | D        | Got the +0 triple sword "Nubb" {slice, *Rage rPois SInv}
  6014 | D        | Got the +0 hat of Fallacy {rPois rN+}
  6098 | D        | Noticed Louise
  6104 | D        | Noticed Xtahua
  6120 | D        | Killed Xtahua
  6133 | D        | Killed Louise
  6336 | D        | Got a decaying rune of Zot
  6378 | D        | Received a gift from Okawaru
  6434 | D        | Got a gossamer rune of Zot
  6643 | D        | Noticed Ilsuiw
  6650 | D        | Killed Ilsuiw
  6719 | D        | Got a barnacled rune of Zot
  6736 | D        | Noticed a nagaraja
  6736 | D        | Noticed a nagaraja
  6746 | D        | Reached XP level 17. HP: 154/162 MP: 16/24
  6826 | D        | Got a serpentine rune of Zot
  6877 | D        | Noticed a tengu reaver
  6879 | D        | Noticed Sojobo
  6879 | D        | Noticed a tengu reaver
  6889 | D        | Killed a tengu reaver
  6889 | D        | Received a gift from Okawaru
  6899 | D        | Killed Sojobo
  6905 | D        | Killed a tengu reaver
  6950 | D        | Noticed Nikola
  6963 | D        | Killed Nikola
  7059 | D        | Received a gift from Okawaru
  7108 | D        | Got a scorched demon blade {god gift}
  7109 | D        | Identified the +4 demon blade of Psychosis {drain, rElec} (Okawaru gifted it to you in the Dungeon)
  7127 | D        | Noticed a sphinx
  7140 | D        | Received a gift from Okawaru
  7154 | D        | Reached XP level 18. HP: 177/177 MP: 19/25
  7176 | D        | Reached skill level 27 in Shields
  7216 | D        | Received a gift from Okawaru
  7369 | D        | Noticed a titan
  7372 | D        | Noticed an iron giant
  7372 | D        | a shadow dragon changed into an iron giant
  7394 | D        | Noticed an acid blob
  7394 | D        | an iron giant changed into an acid blob
  7397 | D        | Noticed an ancient lich
  7399 | D        | Killed an acid blob
  7408 | D        | Killed a titan
  7484 | D        | Killed an ancient lich
  7608 | D        | Identified the Papyrus of Lightness
  7614 | D        | Got a silver rune of Zot
  7636 | D        | Noticed Agnes
  7645 | D        | Killed Agnes
  7645 | D        | Reached skill level 27 in Fighting
  7645 | D        | Reached skill level 27 in Armour
  7650 | D        | Noticed Boris
  7669 | D        | Killed Boris
  7729 | D        | Got the ring of Ru's Envy {*Slow +Fly rElec rPois MR++}
  7734 | D        | Got the amulet "Rirycvuh" {Faith Slay+5}
  7739 | D        | Got the ring "Eggeryqi" {rF+ EV+3}
  7744 | D        | Got the ring "Zilietue" {rPois Slay+3}
  7755 | D        | Got the +5 double sword of Haagygrunuc {holy, Dex+5}
  7909 | D        | Received a gift from Okawaru
  7910 | D        | Noticed a lich
  7938 | D        | Killed a lich
  7942 | D        | Reached skill level 27 in Long Blades
  7954 | D        | Reached skill level 5 in Evocations
  8014 | D        | Noticed a bone dragon
  8025 | D        | Killed a bone dragon
  8025 | D        | Received a gift from Okawaru
  8025 | D        | Reached XP level 19. HP: 173/189 MP: 19/26
  8050 | D        | Reached skill level 10 in Evocations
  8423 | D        | Noticed a golden dragon
  8432 | D        | Reached skill level 15 in Evocations
  8445 | D        | Killed a golden dragon
  8445 | D        | Received a gift from Okawaru
  8489 | D        | Got a transparent double sword {god gift}
  8490 | D        | Identified the +3 double sword of Wisdom {holy, rC++ Dex+6 SInv} (Okawaru gifted it to you in the Dungeon)
  8805 | D        | Noticed a tentacled monstrosity
  8826 | D        | Killed a tentacled monstrosity
  8833 | D        | Received a gift from Okawaru
  8989 | D        | Noticed an Orb Guardian
  8989 | D        | Noticed an Orb Guardian
  8989 | D        | Noticed an Orb Guardian
  8989 | D        | Noticed an Orb Guardian
  8989 | D        | Noticed an Orb Guardian
  8989 | D        | Noticed an Orb Guardian
  8991 | D        | Killed an Orb Guardian
  8992 | D        | Noticed an Orb Guardian
  8996 | D        | Noticed an Orb Guardian
  9003 | D        | Killed an Orb Guardian
  9004 | D        | Noticed an Orb Guardian
  9006 | D        | Killed an Orb Guardian
  9006 | D        | Reached XP level 20. HP: 197/197 MP: 28/34
  9105 | D        | Received a gift from Okawaru
  9120 | D        | Received a gift from Okawaru
  9335 | D        | Noticed an ancient lich
  9335 | D        | Noticed an orb of fire
  9341 | D        | Noticed an electric golem
  9343 | D        | Killed an ancient lich
  9347 | D        | Gained mutation: You have large cloven feet. [an orb of fire]
  9352 | D        | Gained mutation: You expend magic power (3 MP) to strengthen your wands. [an orb of fire]
  9368 | D        | Gained mutation: You are weak. (Str -2) [an orb of fire]
  9375 | D        | Killed an orb of fire
  9387 | D        | Killed an electric golem
  9501 | D        | Noticed an orb of fire
  9501 | D        | Noticed an ancient lich
  9509 | D        | Noticed an ancient lich
  9509 | D        | Gained mutation: Armour fits poorly on your strangely shaped body. [an orb of fire]
  9520 | D        | Gained mutation: You are somewhat resistant to further mutation. [an orb of fire]
  9524 | D        | Gained mutation: Scrolls take you a little longer to read. [an orb of fire]
  9525 | D        | Killed an orb of fire
  9525 | D        | Received a gift from Okawaru
  9525 | D        | Reached skill level 27 in Dodging
  9525 | D        | Reached skill level 27 in Evocations
  9536 | D        | Noticed an orb of fire
  9550 | D        | Reached skill level 5 in Throwing
  9553 | D        | Noticed a tentacled monstrosity
  9564 | D        | Noticed an ancient lich
  9576 | D        | Killed an ancient lich
  9576 | D        | Received a gift from Okawaru
  9576 | D        | Reached XP level 21. HP: 154/204 MP: 38/38
  9583 | D        | Noticed an ancient lich
  9585 | D        | Killed an ancient lich
  9585 | D        | Received a gift from Okawaru
  9587 | D        | Noticed an orb of fire
  9593 | D        | Killed an orb of fire
  9606 | D        | Noticed a Tzitzimitl
  9622 | D        | Killed an ancient lich
  9622 | D        | Received a gift from Okawaru
  9622 | D        | Reached skill level 15 in Throwing
  9626 | D        | Noticed a Tzitzimitl
  9665 | D        | Killed from afar by an ancient lich

Vault maps used:
D:        linesprint

Skill      XL: |  1  2  3  4  5  6  7  8  9 10 11 12 13 14 15 16 17 18 19 20 21 |
---------------+----------------------------------------------------------------+-----
Shields        | 4 5 6 8 9 10 11 12 14 16 18 20 21 24 26 27 | 27.0
Dodging        | 1 2 3 5 6 7 8 9 11 12 14 15 17 18 23 27 | 27.0
Fighting       | 4 5 7 8 9 10 12 13 15 16 18 20 22 25 27 | 27.0
Long Blades    | 3 4 6 7 8 9 11 12 14 15 17 19 21 23 27 | 27.0
Armour         | 4 5 7 9 10 12 13 15 16 18 20 22 25 27 | 27.0
Invocations    | 3 5 7 9 |  9.6
Evocations     | 8 20 27 | 27.0
Throwing       | 9 15 | 15.3
Stealth        | 11 19 | 19.1

Action                   |  1- 3 |  4- 6 |  7- 9 | 10-12 | 13-15 | 16-18 | 19-21 || total
-------------------------+-------+-------+-------+-------+-------+-------+-------++-------
Melee: Long sword        |    34 |     3 |       |       |       |       |       ||    37
       Scimitar          |       |    24 |    68 |   264 |   362 |   409 |       ||  1127
       Double sword      |       |       |       |    32 |    44 |       |    15 ||    91
       Demon blade       |       |       |       |       |   331 |   277 |   551 ||  1159
Invok: Heroism           |       |       |     2 |     5 |    10 |    11 |     8 ||    36
       Finesse           |       |       |       |     5 |     9 |    10 |     8 ||    32
Evoke: Wand              |       |       |       |     1 |       |       |       ||     1
  Use: Potion            |       |     1 |       |     4 |    10 |     1 |     8 ||    24
       Scroll            |       |       |       |       |     1 |       |     6 ||     7
 Stab: Confused          |       |       |       |       |     1 |       |       ||     1
  Eat: Bread ration      |       |       |       |     2 |     1 |     2 |     1 ||     6
       Meat ration       |       |       |       |       |     1 |       |       ||     1
Armor: Scale mail        |     6 |     3 |       |       |       |       |       ||     9
       Chain mail        |       |    24 |    15 |    35 |       |       |       ||    74
       Plate armour      |       |       |       |     2 |    60 |    40 |    27 ||   129
Dodge: Dodged            |     8 |    15 |    23 |    72 |    48 |    69 |    68 ||   303
Block: Shield            |    20 |    21 |    27 |   100 |   406 |   446 |   289 ||  1309
       Rpst.: Long sword |     3 |       |       |       |       |       |       ||     3
       Scimitar          |       |       |     5 |    10 |     3 |     3 |       ||    21
       Demon blade       |       |       |       |       |     7 |     1 |     5 ||    13
